 Dungeon Crawl Stone Soup version 0.27-a0-1324-ge0d8e047f6 (webtiles) character file.

Game seed: 12637261253465065153

1300 Anon1729 the Covert (level 8, 0/44 HPs)
             Began as a Kobold Brigand on June 23, 2021.
             Was an Initiate of Wu Jian.
             Succumbed to a water moccasin's poison
             ... on level 7 of the Dungeon.
             The game lasted 00:16:09 (9636 turns).

Anon1729 the Covert (Kobold Brigand)                Turns: 9636, Time: 00:16:09

Health: 0/44       AC:  9    Str:  9    XL:     8   Next: 87%
Magic:  8/8        EV: 15    Int: 12    God:    Wu Jian [......]
Gold:   308        SH:  5    Dex: 18    Spells: 7/7 levels left

rFire    + . .     SeeInvis .   A - +1 short sword (speed)
rCold    + + .     Faith    .   (shield restricted)
rNeg     . . .     Spirit   .   r - +2 leather armour {rC+}
rPois    +         Reflect  +   y - +0 helmet
rElec    +         Harm     .   u - +1 cloak
rCorr    +         Rampage  .   t - +0 pair of gloves
Will     .....                  (no boots)
Stlth    +++++.....             z - amulet of reflection
HPRegen  0.14/turn              (no ring)
MPRegen  0.11/turn              (no ring)

@: lethally poisoned (0 -> -11), resistant, marked
A: small, no large weapons, nightstalker 3
a: Renounce Religion


You were on level 7 of the Dungeon.
You worshipped Wu Jian.
Wu Jian was noncommittal.
You visited 2 branches of the dungeon, and saw 9 of its levels.

You collected 308 gold pieces.

Inventory:

Hand Weapons
 a - a +2 dagger
 v - a +0 dagger of protection
 A - a +1 short sword of speed (weapon)
Missiles
 d - 29 poisoned darts (quivered)
 e - 2 curare-tipped darts
 p - 3 atropa-tipped darts
 C - 2 throwing nets
Armour
 b - a +0 robe
 r - a +2 leather armour of cold resistance (worn)
 t - a +0 pair of gloves (worn)
 u - a +1 cloak (worn)
 y - a +0 helmet (worn)
Jewellery
 z - an amulet of reflection (around neck)
Wands
 I - a wand of acid (9)
 J - a wand of polymorph (9)
Scrolls
 f - 2 scrolls of teleportation
 g - 2 scrolls of enchant armour
 h - a scroll of amnesia {unknown}
 i - 3 scrolls of silence
 m - 2 scrolls of enchant weapon {unknown}
 n - a scroll of torment {unknown}
 o - 2 scrolls of magic mapping
 s - a scroll of vulnerability {unknown}
 w - 2 scrolls of blinking {unknown}
 F - a scroll of immolation {unknown}
 H - a scroll of fog {unknown}
Potions
 c - a potion of curing {unknown}
 j - 2 potions of haste {unknown}
 k - 2 potions of lignification {unknown}
 l - 2 potions of degeneration {unknown}
 q - a potion of attraction {unknown}
 x - a potion of resistance
 B - 2 potions of heal wounds {unknown}
 D - a potion of magic {unknown}
 E - 2 potions of flight {unknown}
 G - a potion of berserk rage {unknown}


   Skills:
 - Level 2.2 Fighting
 * Level 8.3 Short Blades
 + Level 5.0 Throwing
 + Level 4.1 Dodging
 * Level 10.1 Stealth


You had 7 spell levels left.
You didn't know any spells.
Your spell library was empty.

Dungeon Overview and Level Annotations

Branches:
Dungeon (8/15)             Temple (1/1) D:4            Lair (0/6) D:8

Altars:
Elyvilon
Hepliaklqana
Kikubaaqudgha
Okawaru
Qazlal
Trog
Uskayaw
Vehumet
Wu Jian
Xom
Zin
The Shining One

Shops:
D:4 ?*

Annotations:
D:6 Maggie


Innate Abilities, Weirdness & Mutations

You are small and have problems with some larger weapons.
You are completely attuned to the shadows.


Message History

A lava snake comes into view.
The lava snake spits lava at you. The glob of lava misses you.
A water moccasin comes into view.
A wight comes into view. It is wielding a +0 halberd.
The water moccasin bites you. The water moccasin bites you!
An orc wizard comes into view. It is wielding a +0 dagger.
An orc wizard comes into view. It is wielding a +1 dagger of venom.
The water moccasin bites you but does no damage.
The orc wizard gestures wildly while chanting.
The orc wizard flickers and vanishes!
Deactivating autopickup; reactivate with Ctrl-A.
The water moccasin barely misses you.
The water moccasin bites you but does no damage.
The water moccasin bites you!
You are poisoned.
The water moccasin poisons you!
You feel very sick.
You feel very sick.
As you read the scroll of teleportation, it crumbles to dust.
You feel strangely unstable.
You feel sick. The water moccasin misses you. The water moccasin bites you.
You are lethally poisoned!
The water moccasin poisons you!
Okay, then.
* * * LOW HITPOINT WARNING * * *
You feel very sick.
A wight comes into view. It is wielding a +2 short sword.
The orc wizard casts a spell.
The orc wizard flickers and vanishes!
* * * LOW HITPOINT WARNING * * *
You feel very sick. The water moccasin closely misses you.
Okay, then.
* * * LOW HITPOINT WARNING * * *
You feel very sick.
It was a potion of resistance.
You feel protected.
Your surroundings suddenly seem different.
You die...

.....####.
....{...z.
#.......#.
#....##.##
...##...#
#.......##
........#
##..#.##.##
.......#
#...#.....#
......#
#.........o
....@.#
#..........
#....##
.#.....#....
##...#
.....###....
#.###
.#.......###
##
#.......###
#.....##.#.
#..........
#...........
#.........##


There were no monsters in sight!

Vanquished Creatures
  A black bear (D:5)
  A necrophage (D:4)
  A gnoll sergeant (D:5)
  A scorpion (D:5)
  A wyvern skeleton (D:7)
  A water moccasin skeleton (D:6)
  A bullfrog zombie (D:5)
  3 centaur zombies (D:8)
  2 hounds (D:5)
  3 centaur skeletons
  2 jellies
  7 orc priests
  A gnoll shaman (D:4)
  Jessica (D:3)
  2 orc wizards (D:3)
  A killer bee zombie (D:8)
  7 gnolls
  6 adders
  2 white imps
  2 dart slugs
  14 orcs (D:3)
  6 bats
  8 endoplasms
  2 giant cockroaches
  5 goblins
  5 hobgoblins
  12 jackals
  3 quokkas (D:1)
  6 ball pythons
  A frilled lizard (D:1)
  5 kobolds
  8 rats
121 creatures vanquished.

Notes
Turn   | Place    | Note
-------+----------+-------------------------------------------
     0 | D:1      | Anon1729 the Kobold Brigand began the quest for the Orb.
     0 | D:1      | Reached XP level 1. HP: 12/12 MP: 1/1
   219 | D:1      | Reached XP level 2. HP: 10/17 MP: 2/2
   419 | D:1      | Noticed a golden eye
   419 | D:1      | Noticed a shining eye
   420 | D:1      | Found a faded altar of an unknown god.
   423 | D:1      | Noticed a great orb of eyes
   423 | D:1      | Noticed a golden eye
   729 | D:1      | Reached XP level 3. HP: 19/21 MP: 3/3
   768 | D:1      | Reached skill level 6 in Stealth
  1041 | D:1      | You fall into a shaft and drop 1 floor!
  2097 | D:2      | Reached XP level 4. HP: 19/26 MP: 4/4
  3360 | D:3      | Reached XP level 5. HP: 29/30 MP: 5/5
  3510 | D:3      | Reached skill level 7 in Stealth
  3794 | D:3      | Reached skill level 5 in Short Blades
  4425 | D:3      | Noticed Jessica
  4428 | D:3      | Killed Jessica
  4429 | D:3      | Reached XP level 6. HP: 35/35 MP: 6/6
  4707 | D:3      | Noticed an ogre
  5140 | D:3      | Reached skill level 8 in Stealth
  5140 | D:3      | Reached XP level 7. HP: 22/40 MP: 7/7
  5440 | D:4      | Found a staircase to the Ecumenical Temple.
  5507 | Temple   | Entered the Ecumenical Temple
  5528 | Temple   | Became a worshipper of the Wu Jian Council
  5886 | D:4      | Found Imoeton's Gadget Gallery.
  6345 | D:4      | Found Zuvint's Magic Scroll Boutique.
  6464 | D:5      | Entered Level 5 of the Dungeon
  6740 | D:5      | Reached skill level 9 in Stealth
  6740 | D:5      | Reached XP level 8. HP: 44/44 MP: 8/8
  6762 | D:5      | Found an iron altar of Okawaru.
  7022 | D:5      | Found a glowing golden altar of the Shining One.
  7253 | D:5      | Found a glowing silver altar of Zin.
  8327 | D:6      | Noticed Maggie
  9224 | D:7      | You fall into a shaft and drop 1 floor!
  9283 | D:8      | Reached skill level 10 in Stealth
  9417 | D:8      | Reached skill level 5 in Throwing
  9560 | D:8      | Noticed an elephant
  9561 | D:8      | Found a staircase to the Lair.
  9561 | D:8      | Noticed a basilisk
  9561 | D:8      | Noticed a basilisk
  9635 | D:7      | HP: 2/44 [poisoned by a water moccasin]
  9636 | D:7      | Succumbed to a water moccasin's poison

Illustrated notes

Levels and vault maps discovered:
D:1:      lemuel_arrival_funnel, layout_basic, serial_aquarium,
          aquarium_bridge_square [aquarium_subvault_bridge,
          aquarium_subvault_bridge, aquarium_subvault_wall,
          aquarium_subvault_bridge], aquarium_window_fake, aquarium_window_fake,
          aquarium_window_1, aquarium_view_2a, aquarium_balcony_double_1,
          hellmonk_ecumenical_altar_watching_god, hangedman_decor_growths,
          st_stairs_3, dk_noncrumbling_4, serial_bayou_lake_a
D:2:      layout_rooms, serial_corexii_hall, corexii_hall_statues_i,
          chequers_hall_statues_wall_a, dk_vineyard_2
D:3:      layout_basic, lightli_corner_chamber, uniq_jessica
D:4:      layout_basic, temple_hall, serial_shops, nicolae_take_the_stairs,
          nicolae_shop_gadgets
D:5:      layout_basic, lemuel_tele_altar, nicolae_overflow_crystal_walls,
          lemuel_crystal_altar
D:6:      layout_basic, kennysheep_mini, uniq_maggie
D:7:      minmay_flawed_box, layout_cave_pools, nicolae_lava_and_water
D:8:      layout_basic, lemuel_crystal_altar, david_lair_generic
Temple:   minmay_temple_bridge_abc

Skill      XL: |  1  2  3  4  5  6  7  8 |
---------------+-------------------------+-----
Short Blades   | 3 4 5 6 7 8 |  8.3
Stealth        | 6 7 8 9 10 | 10.1
Throwing       | 3 4 5 |  5.0
Dodging        | 2 3 4 |  4.1
Fighting       | |  2.2

Action                   |  1- 3 |  4- 6 |  7- 9 || total
-------------------------+-------+-------+-------++-------
Melee: Dagger            |   130 |   164 |   254 ||   548
       Short sword       |       |       |    46 ||    46
Throw: Dart              |     1 |    33 |     9 ||    43
Invok: Lunge             |       |       |    14 ||    14
  Use: Scroll            |       |       |     8 ||     8
       Potion            |       |       |     1 ||     1
 Stab: Sleeping          |    10 |    16 |    14 ||    40
       Distracted        |     1 |     1 |       ||     2
       Invisible         |       |       |     2 ||     2
Armor: Robe              |    21 |    41 |    27 ||    89
       Leather armour    |       |       |     7 ||     7
Dodge: Dodged            |    93 |   104 |   124 ||   321
Block: Other             |       |       |    51 ||    51

Table legend: (Time is in decaauts)
 A = Elapsed time spent in this place.
 B = Non-inter-level travel time spent in this place.
 C = Inter-level travel time spent in this place.
 D = Time resting spent in this place.
 E = Time spent auto-exploring this place.
 F = Levels seen in this place.
 G = Mean time per level.
                   A        B        C        D        E       F      G
               +--------+--------+--------+--------+--------+-----+--------+
         Total |   9512 |   9191 |    321 |   2869 |   4904 |   9 | 1056.9 |
       Dungeon |   9470 |   9169 |    301 |   2869 |   4888 |   8 | 1183.8 |
        Temple |     41 |     21 |     20 |      0 |     16 |   1 |   41.0 |
               +--------+--------+--------+--------+--------+-----+--------+

Top non-repeatable levels by time:
     D:3: 2070 daAuts
     D:1: 2011 daAuts
     D:5: 1511 daAuts
     D:2: 1249 daAuts
     D:4: 1220 daAuts
     D:6: 570 daAuts
     D:7: 489 daAuts
     D:8: 347 daAuts
  Temple: 41 daAuts
